 Dungeon Crawl Stone Soup version 0.32-a0-468-g38b2580584 (webtiles) character file.

Game seed: 5112312145818794316

93 ezpacito the Trooper (level 4, -35/35 HPs)
             Began as a Demonspawn Chaos Knight on Feb 25, 2024.
             Was a Plaything of Xom.
             Annihilated by Crazy Yiuf
             ... wielding a +2 quarterstaff of chaos
              (37 damage)
             ... on level 2 of the Dungeon.
             The game lasted 00:02:22 (1688 turns).

ezpacito the Trooper (Demonspawn Chaos Knight)      Turns: 1688, Time: 00:02:23

Health: -35/35     AC:  6    Str: 14    XL:     4   Next: 36%
Magic:  5/5        EV:  2    Int: 13    God:    Xom [..*...]
Gold:   92         SH:  0    Dex: 12    Spells: 4/4 levels left

rFire   . . .        a - +0 hand axe (chaos)
rCold   . . .        o - orb {light}
rNeg    . . .        b - +2 leather armour
rPois   .            g - +0 helmet
rElec   .            (no cloak)
rCorr   .            (no gloves)
SInv    .            (no boots)
Will    .....        (no amulet)
Stlth   +            f - ring of flight
HPRegen 0.25/turn    (no ring)
MPRegen 0.18/turn

%: no passive effects
@: sleeping, flying, glowing
A: magic regeneration
a: Renounce Religion


You were on level 2 of the Dungeon.
You worshipped Xom.
You were a toy of Xom.
You visited 1 branch of the dungeon, and saw 2 of its levels.

You collected 92 gold pieces.

Inventory:

Hand Weapons
 a - a +0 hand axe of chaos (weapon)
Armour
 b - a +2 leather armour (worn)
 g - a +0 helmet (worn)
 m - a +0 chain mail
 o - an orb of light (worn)
 q - an orb of light
Jewellery
 f - a ring of flight (left hand)
Scrolls
 c - a scroll of butterflies
 d - a scroll of noise {unknown}
 e - a scroll of silence {unknown}
 h - a scroll of enchant armour {unknown}
 i - a scroll of fear {unknown}
 j - a scroll of blinking {unknown}
 l - 3 scrolls of identify {unknown}
Potions
 k - 2 potions of heal wounds
 n - a potion of curing {unknown}
 p - a potion of enlightenment {unknown}
 r - 2 potions of brilliance {unknown}


   Skills:
 * Level 3.5 Fighting
 * Level 2.9(3.0) Axes
 + Level 0.6(2.0) Polearms
 * Level 2.3 Armour
 * Level 1.8 Dodging
 + Level 0.4 Stealth
 * Level 1.1 Unarmed Combat
 + Level 0.7 Spellcasting


You had 4 spell levels left.
You didn't know any spells.
Your spell library was empty.

Dungeon Overview and Level Annotations

Branches:
Dungeon (2/15)

Altars:

Annotations:
D:2 Crazy Yiuf


Innate Abilities, Weirdness & Mutations

You regenerate magic rapidly.


Message History

There is an open door here.
You reach down and open the door.
There is an open door here.
Key pressed, stopping explore.
No target in view!
No target in view!
No target in view!
No target in view!
You see here a quokka skeleton.
Crazy Yiuf shouts!
Could not explore, unopened runed door.
No reachable target in view!
You aren't carrying any items that you can evoke.
Unknown command.
You reach down and open the door.
You hit Crazy Yiuf but do no damage.
The acid corrodes Crazy Yiuf!
Crazy Yiuf hits you with a +2 quarterstaff of chaos.
Crazy Yiuf burns you.
You hit Crazy Yiuf. You burn Crazy Yiuf.
Crazy Yiuf is moderately wounded.
Crazy Yiuf screams, "Whippet shoe broken!"
Crazy Yiuf closely misses you.
Crazy Yiuf hits you with a +2 quarterstaff of chaos.
Crazy Yiuf draws strength from your wounds!
You hit Crazy Yiuf.
Crazy Yiuf convulses.
Crazy Yiuf is heavily wounded.
Crazy Yiuf hits you with a +2 quarterstaff of chaos!
You convulse!
You hit Crazy Yiuf.
Crazy Yiuf seems to speed up.
Crazy Yiuf is severely wounded.
Crazy Yiuf closely misses you.
You hit Crazy Yiuf. You burn Crazy Yiuf.
Crazy Yiuf is almost dead.
Crazy Yiuf hits you with a +2 quarterstaff of chaos!
* * * LOW HITPOINT WARNING * * *
You fall asleep.
Crazy Yiuf hits you with a +2 quarterstaff of chaos!!!
Ouch! That really hurt!
You die...
Xom cackles wildly!

#..........>....##
#...............##
#...[†....#......+
###########.##...#
#.##...#
########.##.... ###
###.#...##..#....
#...##..#......#÷#....
#...g@####.........###
#)..### ##..#.###.###
### ###### #.#.. #.#..
#.#.. #..†. ##... ##..
#..


You could see Crazy Yiuf (fast, corroded).

Vanquished Creatures
  Terence (D:2)
  2 adders (D:2)
  2 dart slugs (D:1)
  5 ball pythons
  5 endoplasms
  A giant cockroach (D:1)
  2 goblins
  A hobgoblin (D:1)
  4 jackals (D:1)
  6 kobolds
  4 quokkas
  6 bats
  2 rats (D:1)
41 creatures vanquished.

Notes
Turn   | Place    | Note
-------+----------+-------------------------------------------
     0 | D:1      | ezpacito the Demonspawn Chaos Knight began the quest for
                  | the Orb.
     0 | D:1      | Reached XP level 1. HP: 18/18 MP: 1/1
    51 | D:1      | Reached skill level 1 in Dodging
    70 | D:1      | XOM: divination: detect items
   134 | D:1      | Gained mutation: You regenerate magic rapidly. [demonic
                  | ancestry]
   134 | D:1      | Reached XP level 2. HP: 18/24 MP: 2/2
   358 | D:1      | Reached XP level 3. HP: 19/29 MP: 3/3
   547 | D:1      | XOM: silly message
   552 | D:1      | Found a faded altar of an unknown god.
   734 | D:1      | XOM: silly message
   743 | D:1      | XOM: cloud trail
  1022 | D:2      | Noticed Terence
  1042 | D:2      | Killed Terence
  1043 | D:2      | Reached skill level 1 in Unarmed Combat
  1043 | D:2      | Reached XP level 4. HP: 33/35 MP: 4/4
  1273 | D:2      | Found a runed translucent door.
  1274 | D:2      | Noticed Crazy Yiuf
  1688 | D:2      | Annihilated by Crazy Yiuf

Illustrated notes

Levels and vault maps discovered:
D:1:      lightli_arrival_quake, layout_loops_ring,
          ebering_ecumenical_altar_rust
D:2:      layout_basic, lightli_corner_chamber, uniq_terence,
          uniq_crazy_yiuf_cottage

Skill      XL: |  1  2  3 |
---------------+----------+-----
Dodging        | 1 |  1.8
Armour         | 2 |  2.3
Unarmed Combat | 1 |  1.1
Fighting       | |  3.5
Axes           | |  2.9
Polearms       | |  0.6
Stealth        | |  0.4
Spellcasting   | |  0.7

Action                     |  1- 3 |  4- 6 || total
---------------------------+-------+-------++-------
  Melee: Hand axe          |    94 |    34 ||   128
    Use: Potion            |     2 |       ||     2
   Stab: Distracted        |     1 |       ||     1
         Petrifying        |     1 |       ||     1
         Confused          |     1 |       ||     1
 Armour: Leather armour    |    72 |    21 ||    93
  Dodge: Dodged            |    59 |    17 ||    76

Table legend: (Time is in decaauts)
 A = Elapsed time spent in this place.
 B = Non-inter-level travel time spent in this place.
 C = Inter-level travel time spent in this place.
 D = Time resting spent in this place.
 E = Time spent auto-exploring this place.
 F = Levels seen in this place.
 G = Mean time per level.
                   A        B        C        D        E       F      G
               +--------+--------+--------+--------+--------+-----+--------+
         Total |   1707 |   1606 |    101 |      0 |   1309 |   2 |  853.5 |
       Dungeon |   1707 |   1606 |    101 |      0 |   1309 |   2 |  853.5 |
               +--------+--------+--------+--------+--------+-----+--------+

Top non-repeatable levels by time:
     D:1: 994 daAuts
     D:2: 713 daAuts
